 Dungeon Crawl Stone Soup version 0.19-a0-1637-gfc13266 (webtiles) character file.

2534 sveltemanboy the Warmonger (level 9, -9/63 HPs)
             Began as a Demonspawn Monk on Sept 19, 2016.
             Was an Elder of Okawaru.
             Mangled by Xiguana's ghost (17 damage)
             ... on level 6 of the Dungeon.
             The game lasted 00:21:35 (7214 turns).

sveltemanboy the Warmonger (Demonspawn Monk)        Turns: 7214, Time: 00:21:36

Health: -9/63      AC:  8    Str: 16    XL:     9   Next: 30%
Magic:  23/23      EV: 17    Int: 11    God:    Okawaru [****..]
Gold:   275        SH:  0    Dex: 17    Spells: 0 memorised, 8 levels left

rFire  . . .     SeeInvis .     a - +0 long sword
rCold  + . .     Gourm    +     e - +1 leather armour {rC+}
rNeg   + . .     Faith    .     (no shield)
rPois  .         Spirit   .     (helmet unavailable)
rElec  .         Dismiss  .     o - +0 cloak
rCorr  .         Reflect  .     (no gloves)
MR     .....     Harm     .     i - +0 pair of boots
Stlth  ++++......               p - amulet of the gourmand
                                (no ring)
                                l - ring of magical power

@: heroism, slowed, drained, very slow
A: horns 3, thin skeletal structure 1, negative energy resistance 1, powered by
pain 1, rot immunity
a: Heroism, Renounce Religion


You were on level 6 of the Dungeon.
You worshipped Okawaru.
Okawaru was greatly pleased with you.
You were completely stuffed.

You visited 2 branches of the dungeon, and saw 7 of its levels.

You collected 275 gold pieces.

Inventory:

Hand Weapons
 a - a +0 long sword (weapon)
 y - a +1 great sword of freezing
Missiles
 h - 163 stones (quivered)
 s - a tomahawk
 x - a poisoned javelin
Armour
 e - a +1 leather armour of cold resistance (worn)
 i - a +0 pair of boots (worn)
 o - a +0 cloak (worn)
Jewellery
 l - a ring of magical power (left hand)
 p - an amulet of the gourmand (around neck)
Wands
 z - a wand of slowing (19/48)
Scrolls
 c - 2 scrolls of teleportation {unknown}
 d - 7 scrolls of identify {unknown}
 f - a scroll of amnesia {unknown}
 j - a scroll of random uselessness {unknown}
 n - a scroll of remove curse {unknown}
 q - 2 scrolls of enchant weapon {unknown}
 r - 3 scrolls of fog {unknown}
 u - 2 scrolls of magic mapping {unknown}
 w - a scroll of recharging {unknown}
 A - a scroll of noise {unknown}
 D - a scroll of fear {unknown}
Potions
 k - a potion of flight
 v - 4 potions of brilliance
 B - a potion of curing
Comestibles
 b - 4 bread rations
 g - 6 fruits
 m - a beef jerky
 t - a chunk of flesh


   Skills:
 - Level 3.0(7.7) Fighting
 * Level 4.8(9.4) Long Blades
   Level 1.3(6.0) Maces & Flails
 - Level 6.6(11.2) Throwing
 + Level 5.5(10.1) Armour
 - Level 3.0(7.6) Dodging
 - Level 1.7(6.4) Stealth
 - Level 2.6(7.3) Unarmed Combat
 - Level 7.0(6.7) Invocations


You had 8 spell levels left.
You didn't know any spells.

Dungeon Overview and Level Annotations

Branches:
Dungeon (6/15)             Temple (1/1) D:4

Altars:
Ashenzari
Cheibriados
Dithmenos
Elyvilon
Fedhas
Gozag
Hepliaklqana
Kikubaaqudgha
Makhleb
Nemelex Xobeh
Okawaru
Qazlal
Ru
Sif Muna
Trog
Uskayaw
Vehumet
Xom
Yredelemnul
Zin
The Shining One

Annotations:
D:6 Xiguana's ghost, novice DsCK


Innate Abilities, Weirdness & Mutations

You have a pair of large horns on your head.
You have a somewhat thin skeletal structure. (Dex +2, Stealth)
You resist negative energy. (rN+)
You sometimes gain a little power by taking damage.
You are immune to rotting.


Message History

Xiguana's ghost barely misses you.
You barely miss Xiguana's ghost.
You punch Xiguana's ghost, but do no damage.
Xiguana's ghost is heavily damaged.
Xiguana's ghost misses you.
You riposte.
You hit Xiguana's ghost but do no damage.
Xiguana's ghost is heavily damaged.
You hit Xiguana's ghost but do no damage.
You headbutt Xiguana's ghost, but do no damage.
Xiguana's ghost is heavily damaged.
Xiguana's ghost misses you.
You barely miss Xiguana's ghost. You headbutt Xiguana's ghost.
Xiguana's ghost is severely damaged.
Xiguana's ghost closely misses you.
You riposte.
You hit Xiguana's ghost but do no damage.
Xiguana's ghost is severely damaged.
Xiguana's ghost hits you.
* * * LOW HITPOINT WARNING * * *
You are electrocuted!
You die...

# #######'# #
#.(...(. # #......
# #..... # #..$. #
... .. #W#
########### #@#
#.......# #
#.######.#####.# #
#......#.#...#.# #
######.#.#.#.#'###
#.#.#.#......
#.#..........
#.###.##.....
#...)).+>....
#####)##.....


You could see Xiguana's ghost.

Vanquished Creatures
  Pikel (D:4)
  Grinder (D:4)
  The ghost of removeelyvilon the Caller, an amateur HuSu (D:3)
  An orc warrior (D:6)
  An ice beast (D:6)
  A phantom (D:6)
  3 ogres
  A centaur (D:5)
  4 bullfrogs (D:6)
  3 scorpions (D:5)
  4 wights
  A crimson imp (D:6)
  A bullfrog zombie (D:5)
  2 orc priests
  2 hounds
  Crazy Yiuf (D:2)
  3 bullfrog skeletons
  A centaur skeleton (D:6)
  Ijyb (D:2)
  2 iguanas (D:5)
  4 worker ants
  2 hound skeletons (D:4)
  Robin (D:3)
  6 adders
  An ooze (D:2)
  An adder zombie (D:6)
  2 adder skeletons
  3 worms (D:2)
  3 dart slugs
  4 leopard geckos
  15 orcs
  10 bats
  8 giant cockroaches
  13 hobgoblins
  3 jackals (D:2)
  3 quokkas
  12 frilled lizards
  11 goblins
  A jackal skeleton (D:5)
  5 kobolds
  10 rats
  A fungus (D:2)
154 creatures vanquished.

Vanquished Creatures (others)
  3 slaves (D:4)
  An adder (D:4)
  A leopard gecko skeleton (D:4)
5 creatures vanquished.

Grand Total: 159 creatures vanquished

Notes
Turn   | Place    | Note
-------+----------+-------------------------------------------
     0 | D:1      | sveltemanboy the Demonspawn Monk began the quest for the Orb.
     0 | D:1      | Reached XP level 1. HP: 18/18 MP: 1/1
   476 | D:1      | Gained mutation: You have a pair of small horns on your head. [demonic ancestry]
   476 | D:1      | Reached XP level 2. HP: 24/24 MP: 2/2
   506 | D:1      | Reached skill level 1 in Throwing
  1161 | D:1      | Gained mutation: You are immune to rotting. [demonic ancestry]
  1161 | D:1      | Reached XP level 3. HP: 26/29 MP: 3/3
  1635 | D:2      | Reached skill level 1 in Armour
  1805 | D:2      | Noticed Ijyb
  1821 | D:2      | Reached XP level 4. HP: 31/35 MP: 4/4
  1827 | D:2      | Killed Ijyb
  2233 | D:2      | Found a runed door.
  2237 | D:2      | Noticed Crazy Yiuf
  2241 | D:2      | Killed Crazy Yiuf
  2241 | D:2      | Gained mutation: You have a pair of horns on your head. [demonic ancestry]
  2241 | D:2      | Reached XP level 5. HP: 19/41 MP: 5/5
  2441 | D:3      | Noticed removeelyvilon's ghost (amateur HuSu)
  3516 | D:3      | Noticed Robin
  3519 | D:3      | Killed Robin
  3678 | D:3      | Killed removeelyvilon's ghost
  3678 | D:3      | Gained mutation: You have a somewhat thin skeletal structure. (Dex +2, Stealth) [demonic ancestry]
  3678 | D:3      | Reached XP level 6. HP: 35/47 MP: 6/6
  3935 | D:4      | Found a staircase to the Ecumenical Temple.
  3962 | Temple   | Entered the Ecumenical Temple
  4008 | Temple   | Became a worshipper of Warmaster Okawaru
  4008 | Temple   | Reached * piety under Okawaru
  4008 | Temple   | Reached ** piety under Okawaru
  4039 | D:4      | Reached skill level 5 in Throwing
  4051 | D:4      | Found a shimmering altar of Xom.
  4063 | D:4      | Reached skill level 1 in Invocations
  4103 | D:4      | Noticed Grinder
  4121 | D:4      | Paralysed by Grinder for 7 turns
  4142 | D:4      | Killed Grinder
  4142 | D:4      | Reached skill level 2 in Invocations
  4142 | D:4      | Gained mutation: You sometimes gain a little power by taking damage. [demonic ancestry]
  4142 | D:4      | Reached XP level 7. HP: 9/52 MP: 8/8
  4568 | D:4      | Noticed Pikel
  4626 | D:4      | HP: 2/52 [Pikel/whip of electrocution (14)]
  4630 | D:4      | Killed Pikel
  4630 | D:4      | Reached *** piety under Okawaru
  4630 | D:4      | Reached skill level 4 in Invocations
  4630 | D:4      | Gained mutation: You have a pair of large horns on your head. [demonic ancestry]
  4630 | D:4      | Reached XP level 8. HP: 4/58 MP: 11/11
  4978 | D:4      | Reached skill level 1 in Maces & Flails
  5012 | D:5      | Entered Level 5 of the Dungeon
  5102 | D:5      | Reached skill level 1 in Long Blades
  5302 | D:5      | Reached skill level 5 in Invocations
  5908 | D:5      | Received a gift from Okawaru
  6477 | D:6      | Reached skill level 6 in Invocations
  6591 | D:6      | Reached skill level 5 in Armour
  6613 | D:6      | Gained mutation: You resist negative energy. (rN+) [demonic ancestry]
  6613 | D:6      | Reached XP level 9. HP: 49/63 MP: 13/13
  6717 | D:6      | Reached **** piety under Okawaru
  7022 | D:6      | Reached skill level 7 in Invocations
  7195 | D:6      | Noticed Xiguana's ghost (novice DsCK)
  7214 | D:6      | Mangled by Xiguana's ghost

Vault maps used:
D:1:      scummos_arrival_gate, serial_forest, infiniplex_forest_end_double,
          infiniplex_forest_lined_3_way, infiniplex_forest_clump_small,
          infiniplex_forest_end_2, infiniplex_forest_clump_C
D:2:      lemuel_upstairs_altar, uniq_crazy_yiuf_cottage, uniq_iyjb
D:3:      first_bread, guppyfry_early_lair_pool, uniq_robin
D:4:      xom_teletrap_fun, uniq_pikel, uniq_grinder
D:5:      minmay_lizard_king
D:6:      kennysheep_six_static_rooms
Temple:   nicolae_temple_the_god_donut

Skill      XL: |  1  2  3  4  5  6  7  8  9 |
---------------+----------------------------+-----
Throwing       | 1 2 3 4 5 6 |  6.6
Dodging        | 3 |  3.0
Armour         | 1 2 3 5 |  5.5
Invocations    | 2 4 6 7 |  7.0
Maces & Flails | 1 |  1.3
Long Blades    | 3 4 |  4.8
Fighting       | |  3.0
Stealth        | |  1.7
Unarmed Combat | |  2.6

Action                   |  1- 3 |  4- 6 |  7- 9 || total
-------------------------+-------+-------+-------++-------
Melee: Unarmed           |   175 |   188 |    21 ||   384
       Punch             |     3 |     2 |     9 ||    14
       Headbutt          |    19 |    40 |    47 ||   106
       Whip              |       |       |    68 ||    68
       Long sword        |       |       |   126 ||   126
Throw: Javelin           |    18 |    17 |     9 ||    44
       Stone             |       |    31 |    92 ||   123
       Tomahawk          |       |     3 |     2 ||     5
Invok: Heroism           |       |       |     1 ||     1
Evoke: Wand              |       |       |     4 ||     4
  Use: Potion            |       |     8 |     2 ||    10
 Stab: Sleeping          |     3 |     1 |     7 ||    11
  Eat: Chunk             |     3 |    19 |    13 ||    35
Armor: Robe              |    30 |    17 |       ||    47
       Chain mail        |       |    17 |       ||    17
       Ring mail         |       |    18 |    31 ||    49
       Leather armour    |       |       |    25 ||    25
Dodge: Dodged            |   102 |    86 |   112 ||   300
